 Dungeon Crawl Stone Soup version 0.28-a0-706-gf6f64a616a (webtiles) character file.

Game seed: 5449345915052923000

2036 Crownlay the Cleaver (level 9, -2/82 HPs)
             Began as a Hill Orc Fighter on Oct 24, 2021.
             Succumbed to a kobold brigand's curare-tipped dart
             ... on level 6 of the Dungeon.
             The game lasted 00:09:10 (3601 turns).

Crownlay the Cleaver (Hill Orc Fighter)             Turns: 3601, Time: 00:09:11

Health: -2/82      AC: 15    Str: 28    XL:     9   Next: 24%
Magic:  9/9        EV:  7    Int: 12    God:
Gold:   127        SH:  7    Dex: 10    Spells: 8/8 levels left

rFire   . . .      SeeInvis .   u - +9 war axe of Honour {vorpal, Int+4}
rCold   . . .      Faith    .   c - +3 buckler
rNeg    . . .      Spirit   .   m - +0 plate armour
rPois   .          Reflect  .   h - +2 helmet
rElec   .          Harm     .   (no cloak)
rCorr   .          Rampage  .   (no gloves)
Will    .....                   a - +0 pair of boots
Stlth   ..........              j - amulet of regeneration
HPRegen 1.23/turn               d - +6 ring of strength
MPRegen 0.11/turn               (no ring)

@: lethally poisoned (-2 -> -16), flying, slowed, very slow
A: no striking features
a: no special abilities


You were on level 6 of the Dungeon.
You visited 1 branch of the dungeon, and saw 6 of its levels.

You collected 297 gold pieces.
You spent 170 gold pieces at shops.

Inventory:

Hand Weapons
 o - a +2 short sword of electrocution
 u - the +9 war axe of Honour (weapon) {vorpal, Int+4}
   (You bought it in a shop on level 5 of the Dungeon)

   It inflicts extra damage upon your enemies.
   Int:       It affects your intelligence (+4).
Missiles
 p - 24 poisoned darts (quivered)
 r - 5 javelins
Armour
 a - a +0 pair of boots (worn)
 c - a +3 buckler (worn)
 h - a +2 helmet (worn)
 m - a +0 plate armour (worn)
Jewellery
 d - a +6 ring of strength (left hand)
 j - an amulet of regeneration (around neck)
 s - a +4 ring of protection
 y - a ring of willpower
Scrolls
 b - a scroll of enchant weapon {unknown}
 f - 2 scrolls of teleportation
 g - a scroll of fog {unknown}
 k - a scroll of holy word {unknown}
 t - a scroll of fear {unknown}
 v - a scroll of brand weapon {unknown}
 w - a scroll of summoning {unknown}
 x - 2 scrolls of immolation
 B - a scroll of silence {unknown}
Potions
 e - a potion of attraction {unknown}
 i - a potion of flight
 n - a potion of brilliance {unknown}
 q - a potion of berserk rage {unknown}
 z - 2 potions of invisibility {unknown}
 A - a potion of heal wounds {unknown}


   Skills:
 + Level 8.8 Fighting
 * Level 12.6 Axes
 - Level 3.2 Armour
 - Level 4.0 Shields


You had 8 spell levels left.
You didn't know any spells.
Your spell library contained the following spells:

 Spells                   Type           Power      Damage    Failure   Level
 Passwall                 Tmut/Erth      0%         N/A       99%         2
 Slow                     Hex            0%         N/A       99%         2
 Confusing Touch          Hex            0%         N/A       100%        3
 Swiftness                Air            0%         N/A       100%        3
 Fulminant Prism          Conj/Hex       0%         3d6       100%        4
 Iskenderun's Mystic Bla  Conj/Tloc      0%         2d3       100%        4
 Lee's Rapid Deconstruct  Erth           0%         3d5*      100%        5
 Yara's Violent Unravell  Hex/Tmut       0%         3d3       100%        5
 Invisibility             Hex            0%         N/A       100%        6


Dungeon Overview and Level Annotations

Branches:
Dungeon (6/15)
 Temple: D:4-7

Altars:
Fedhas
Kikubaaqudgha
Nemelex Xobeh
The Shining One

Shops:
D:3 [   D:5 *


Message History

The kobold brigand throws a curare-tipped dart.
The curare-tipped dart hits you.
You are more poisoned.
You have difficulty breathing.
You feel as though you will be slow longer.
A kobold comes into view. It is wielding a +0 whip.
The kobold brigand throws a curare-tipped dart.
The curare-tipped dart hits you.
You are more poisoned.
You have difficulty breathing.
You feel as though you will be slow longer.
A kobold comes into view. It is wielding a +0 club.
Sorry, you're not good enough to have a special ability.
Okay, then.
A kobold comes into view.
It is wielding a +0 whip and quivering poisoned darts.
You feel extremely sick.
The kobold shouts! x3
The kobold brigand throws a curare-tipped dart.
The curare-tipped dart hits you.
You are more poisoned.
You have difficulty breathing.
You feel as though you will be slow longer.
You are too injured to fight recklessly!
You are too injured to fight recklessly!
You are too injured to fight recklessly!
* * * LOW HITPOINT WARNING * * *
You feel extremely sick.
The kobold brigand throws a curare-tipped dart.
The curare-tipped dart hits you.
You are lethally poisoned!
You have difficulty breathing.
* * * LOW HITPOINT WARNING * * *
You feel as though you will be slow longer.
* * * LOW HITPOINT WARNING * * *
You feel extremely sick.
The kobold brigand hits you but does no damage.
It was a potion of flight.
You feel very buoyant.
You fly up into the air.
You die...

#####..[. ........#
........# ........#
....K...# ........#
......KK# #
......KK#######
################@.....#
...............#......#
...†...........#......##
####.##.########.........
####'##.###...........###
#.....+...'...........#
#.....#...#...........#
##.########...........#
##.#.......#####......#


You could see a kobold brigand and 4 kobolds.

Vanquished Creatures
  A two-headed ogre (D:5)
  A sky beast (D:5)
  An ogre (D:5)
  2 bullfrogs
  A wyvern zombie (D:5)
  5 scorpions (D:5)
  A water moccasin skeleton (D:5)
  2 bullfrog zombies (D:5)
  4 hounds
  3 orc priests (D:5)
  A jelly (D:5)
  A centaur skeleton (D:4)
  An iguana (D:5)
  4 orc wizards (D:5)
  Terence (D:3)
  A hound skeleton (D:4)
  2 howler monkey skeletons (D:5)
  2 howler monkey zombies
  5 adders
  7 gnolls
  2 white imps (D:5)
  An ufetubus (D:5)
  An adder skeleton (D:5)
  A worm (D:5)
  4 dart slugs
  12 orcs
  10 endoplasms
  3 giant cockroaches
  6 goblins
  6 hobgoblins
  6 kobolds
  5 quokkas
  6 ball pythons
  8 bats
  3 frilled lizards (D:3)
  7 rats
127 creatures vanquished.

Notes
Turn   | Place    | Note
-------+----------+-------------------------------------------
     0 | D:1      | Crownlay the Hill Orc Fighter began the quest for the Orb.
     0 | D:1      | Reached XP level 1. HP: 19/19 MP: 1/1
    16 | D:1      | Reached skill level 3 in Axes
    24 | D:1      | Reached XP level 2. HP: 13/27 MP: 2/2
   474 | D:1      | Reached XP level 3. HP: 33/33 MP: 3/3
   544 | D:1      | Reached skill level 4 in Axes
   800 | D:2      | Reached XP level 4. HP: 40/40 MP: 4/4
   986 | D:2      | Found an ancient bone altar of Kikubaaqudgha.
  1041 | D:2      | Reached skill level 5 in Axes
  1269 | D:3      | Found a faded altar of an unknown god.
  1326 | D:3      | Reached XP level 5. HP: 47/47 MP: 5/5
  1374 | D:3      | Noticed Terence
  1383 | D:3      | Killed Terence
  1431 | D:3      | Found Yciciv's Antique Armour Shop.
  1735 | D:3      | Found a glowing golden altar of the Shining One.
  1739 | D:3      | Found a sparkling altar of Nemelex Xobeh.
  1742 | D:3      | Found a blossoming altar of Fedhas.
  1792 | D:4      | Reached skill level 5 in Fighting
  1792 | D:4      | Reached skill level 6 in Axes
  1922 | D:4      | Reached XP level 6. HP: 56/56 MP: 6/6
  2651 | D:5      | Entered Level 5 of the Dungeon
  2660 | D:5      | Reached skill level 7 in Axes
  2688 | D:5      | Found Fiengan's Assorted Antiques.
  2718 | D:5      | Reached XP level 7. HP: 58/62 MP: 7/7
  2734 | D:5      | Bought a shimmering war axe for 170 gold pieces
  2734 | D:5      | Identified the +9 war axe of Honour {vorpal, Int+4} (You
                  | bought it in a shop on level 5 of the Dungeon)
  2748 | D:5      | Reached skill level 8 in Axes
  2846 | D:5      | Noticed a two-headed ogre
  2857 | D:5      | Reached skill level 9 in Axes
  2882 | D:5      | Killed a two-headed ogre
  2883 | D:5      | Reached skill level 11 in Axes
  2883 | D:5      | Reached XP level 8. HP: 63/74 MP: 8/8
  2988 | D:5      | Reached XP level 9. HP: 51/82 MP: 9/9
  3000 | D:5      | Reached skill level 12 in Axes
  3601 | D:6      | Succumbed to a kobold brigand's curare-tipped dart

Illustrated notes

Levels and vault maps discovered:
D:1:      ncdulo_watergridlock, layout_rooms, serial_park_tiny_1,
          minmay_misc_feat_roman
D:2:      minmay_skewed_foursquare, layout_rooms, basic_altar
D:3:      layout_rooms, grunt_temple_overflow_diamond, serial_shops,
          nicolae_shop_behind_doors, shapermc_ecumenical_altar_petra,
          uniq_terence
D:4:      layout_cave_pods, minmay_bisected
D:5:      cheibrodos_fzero, layout_loops_ring, serial_shops,
          nicolae_shop_temple_entry_statues_fountains, st_stairs_3
D:6:      layout_gridville, minmay_temple_entry_nine_rooms

Skill      XL: |  1  2  3  4  5  6  7  8  9 |
---------------+----------------------------+-----
Axes           | 3 4 5 6 7 11 12 | 12.6
Fighting       | 4 5 7 8 |  8.8
Shields        | 4 |  4.0
Armour         | |  3.2

Action                   |  1- 3 |  4- 6 |  7- 9 || total
-------------------------+-------+-------+-------++-------
Melee: War axe           |    92 |   161 |    93 ||   346
       Short sword       |       |     3 |       ||     3
Throw: Dart              |       |    11 |    10 ||    21
  Use: Potion            |       |     1 |     1 ||     2
       Scroll            |       |       |     5 ||     5
Armor: Scale mail        |    68 |    16 |       ||    84
       Plate armour      |       |    85 |    44 ||   129
Dodge: Dodged            |    61 |    50 |    26 ||   137
Block: Buckler           |    25 |    25 |    19 ||    69

Table legend: (Time is in decaauts)
 A = Elapsed time spent in this place.
 B = Non-inter-level travel time spent in this place.
 C = Inter-level travel time spent in this place.
 D = Time resting spent in this place.
 E = Time spent auto-exploring this place.
 F = Levels seen in this place.
 G = Mean time per level.
                   A        B        C        D        E       F      G
               +--------+--------+--------+--------+--------+-----+--------+
         Total |   3666 |   3573 |     93 |      0 |   2695 |   6 |  611.0 |
       Dungeon |   3666 |   3573 |     93 |      0 |   2695 |   6 |  611.0 |
               +--------+--------+--------+--------+--------+-----+--------+

Top non-repeatable levels by time:
     D:4: 888 daAuts
     D:5: 830 daAuts
     D:1: 819 daAuts
     D:3: 559 daAuts
     D:2: 444 daAuts
     D:6: 123 daAuts
